 Dungeon Crawl Stone Soup version 0.18.1-50-g88ac8fd (webtiles) character file.

38 HumanTension the Ruffian (level 3, 0/28 HPs)
             Began as a Draconian Transmuter on Oct 20, 2016.
             Slain by an adder (4 damage)
             ... on level 2 of the Dungeon.
             The game lasted 00:07:34 (834 turns).

HumanTension the Ruffian (Draconian Transmuter)      Turns: 834, Time: 00:07:36

Health: 0/28       AC:  5    Str: 13    XL:     3   Next: 25%
Magic:  7/7        EV: 12    Int: 13    God:
Gold:   106        SH:  0    Dex: 11    Spells: 1 memorised, 6 levels left

rFire  . . .     SeeInvis .       - Unarmed
rCold  . . .     Gourm    .     (armour unavailable)
rNeg   . . .     Faith    .     (no shield)
rPois  .         Spirit   .     (helmet restricted)
rElec  .         Dismiss  .     (no cloak)
rCorr  .         Reflect  .     (no gloves)
SustAt .         Harm     .     (no boots)
MR     .....                    (no amulet)
Stlth  +.........               (no ring)
                                (no ring)

@: lethally poisoned (0 -> -2), appendage (expiring), not resistant to hostile
enchantments, very unstealthy
A: unfitting armour, horns 2, cold-blooded, AC +5
a: End Transformation


You were on level 2 of the Dungeon.
You were not hungry.
You had grown temporary horns.
You visited 1 branch of the dungeon, and saw 2 of its levels.

You collected 106 gold pieces.

Inventory:

Missiles
 a - 75 arrows
Scrolls
 l - a scroll of enchant armour {unknown}
Potions
 h - a potion of cure mutation
 i - a potion of curing
Books
 b - a book of Changes

   Spells                             Type                      Level
   a - Beastly Appendage              Transmutation                1
   b - Sticks to Snakes               Transmutation                2
   c - Spider Form                    Transmutation/Poison         3
   d - Ice Form                       Ice/Transmutation            4
   e - Blade Hands                    Transmutation                5
Comestibles
 c - a bread ration
 k - 3 fruits


   Skills:
 + Level 1.3 Fighting
 + Level 2.0 Dodging
 + Level 3.2 Unarmed Combat
 + Level 2.8 Spellcasting
 + Level 2.3 Transmutations


You had 6 spell levels left.
You knew the following spells:

 Your Spells              Type           Power        Failure   Level  Hunger
a - Beastly Appendage     Trmt           #.....       10%         1    #......


Dungeon Overview and Level Annotations

Branches:
Dungeon (2/15)

Altars:


Innate Abilities, Weirdness & Mutations

Your plain brown scales are hard (AC +5).
Your body does not fit into most forms of armour.
You are cold-blooded and may be slowed by cold attacks.
You have a pair of horns on your head.


Message History

You hit the adder. Your headbutt misses the adder.
The adder is almost dead.
You feel sick. The bat barely misses you. The kobold closely misses you.
The adder barely misses you.
You hit the adder but do no damage.
The adder is almost dead.
The bat barely misses you. The bat hits you but does no damage.
The adder bites you. The kobold hits you.
* * * LOW HITPOINT WARNING * * *
You miss the adder.
The adder is almost dead.
The bat closely misses you. The adder closely misses you.
The kobold barely misses you.
You miss the adder.
The adder is almost dead.
You feel sick. The adder bites you.
* * * LOW HITPOINT WARNING * * *
The bat hits you but does no damage. The kobold hits you but does no damage.
The adder bites you.
You die...

#.....#...
#...?.....
#.#.#.#.........
#.....#.......$.
#.....#.........
#.....#.........
#.....#.SK....#
#.....#.@.....#
#.....#.b.....#
#.....(<........
#....#.....)....
#.## +(.(.......
#..........
.......$...
##..........
.........#.


You could see an adder, a bat and a kobold.

Vanquished Creatures
  An ooze (D:1)
  A dart slug (D:1)
  A giant gecko (D:1)
  2 giant cockroaches (D:1)
  5 goblins
  5 hobgoblins (D:1)
  2 jackals (D:1)
  A ball python (D:1)
  4 bats (D:1)
  4 giant newts (D:1)
  2 kobolds (D:1)
  2 rats (D:1)
30 creatures vanquished.

Notes
Turn   | Place    | Note
--------------------------------------------------------------
     0 | D:1      | HumanTension the Draconian Transmuter began the quest for the Orb.
     0 | D:1      | Reached XP level 1. HP: 16/16 MP: 3/3
   240 | D:1      | Reached XP level 2. HP: 19/23 MP: 3/5
   510 | D:1      | Reached XP level 3. HP: 26/28 MP: 5/7
   834 | D:2      | Slain by an adder

Skill      XL: |  1  2  3 |
---------------+----------+-----
Dodging        | 2 |  2.0
Fighting       | |  1.3
Unarmed Combat | |  3.2
Spellcasting   | |  2.8
Transmutations | |  2.3

Action                   || total
-------------------------++-------
Melee: Unarmed           ||   128
       Tailslap          ||     8
       Punch             ||     1
       Kick              ||     7
       Headbutt          ||     2
 Cast: Beastly Appendage ||    23
  Use: Scroll            ||     3
       Potion            ||     1
Armor: Skin              ||    65
Dodge: Dodged            ||   150
